Unix NetHack Version 5.0.0-0 post-release - last build Jun 10 2026 00:39:30 (3ee93aec679c4c4259841fe613dc97188e26a321,branch:main).

Game began 2026-06-29 13:37:29, ended 2026-06-30 02:08:36.

Atrocia, chaotic female human Rogue

 -------
 |.....|                                 -------------        -----
 |.....|      ---------                  |............#       |...|
 |.....|      |.......|                 #-...........|####    |.>.|
 |.....-#     |.......|                 #|...........|   #####....|
 |.....|######-.......-#                #|.......<...|        |...|
 |.....|      |.......|##             ###|.......)...|     ###....|
 -------      |.......| #             #  ----.--------     #  |...|
              --------- ###    ------ #      #%@           #  -----
                          #    |.{..| #        a#          #
                          ##   |....|##         ##        ##
                           ####-)...-#           #        #
                               |....|            #       ##
                               ------           -.-------#
                                                |.......-#
                                                |.......|
                                               #...<....|
                                                ---------

Atrocia the Pilferer    St:17 Dx:15 Co:15 In:9 Wi:15 Ch:8  Chaotic
Dlvl:10 $:161 HP:0(81) Pw:51(51) AC:-3 Xp:11 T:24610 

Latest messages:
 You die...
 But wait...
 Your medallion begins to glow!
 You feel much better!
 The medallion crumbles to dust!
 The soldier ant stings!
 The soldier ant bites!
 The soldier ant stings!
 You survived that attempt on your life.
 What do you want to write with? [- bgo-qsuvEKY or ?*] ?
 The wand is too worn out to engrave.
 The soldier ant just misses!
 The soldier ant stings!
 The soldier ant bites!
 The soldier ant misses!
 The soldier ant misses!
 The soldier ant misses!
 The soldier ant misses!
 The soldier ant stings!
 What do you want to wield? [- degv or ?*] g
 g - an elven dagger (weapon in right hand).
 The soldier ant bites!
 The soldier ant stings!
 The soldier ant bites!
 The soldier ant misses!
 You hit the soldier ant!
 The soldier ant bites!
 The soldier ant misses!
 The soldier ant bites!
 The soldier ant misses!
 You hit the soldier ant!
 The soldier ant misses!
 The soldier ant stings!
 The soldier ant bites!
 The soldier ant misses!
 The soldier ant bites!
 The soldier ant misses!
 The soldier ant bites!
 The soldier ant misses!
 The soldier ant bites!
 The soldier ant misses!
 The soldier ant misses!
 The soldier ant misses!
 You kill the soldier ant!
 The soldier ant bites!
 The soldier ant just misses!
 The soldier ant bites!
 The soldier ant stings!
 You die...
 Do you want your possessions identified? [ynq] (y) q

Inventory:
 Coins    ('$')
  $ - 161 gold pieces
 Weapons  (')')
  v - a corroded +0 dagger
  g - a +0 elven dagger (weapon in right hand)
 Armor    ('[')
  c - an uncursed +0 elven leather helm
  z - a blessed rusty +2 orcish helm (being worn)
  B - an uncursed +0 dwarvish roundshield (being worn)
  Q - an uncursed +0 cloak of protection (being worn)
  j - an uncursed +0 elven cloak
  A - an uncursed +0 robe
  R - an uncursed +1 elven mithril-coat (being worn)
 Comestibles  ('%')
  w - an uncursed food ration
  M - an uncursed orange
  a - an uncursed egg
  C - 2 uncursed lizard corpses
 Scrolls  ('?')
  m - an uncursed scroll of amnesia
  r - 2 cursed scrolls of earth
 Rings    ('=')
  o - an uncursed ring of fire resistance
  b - a blessed +1 ring of protection
  s - a cursed ring of teleportation
 Wands    ('/')
  p - a wand of digging (0:4)
  q - a wand of digging (0:0)
  K - a wand of digging named 0 (0:0)
  E - a wand of sleep (0:3)
 Tools    ('(')
  l - a blessed bag of holding containing 6 items
  x - an empty uncursed sack
  J - an uncursed blindfold
  n - an uncursed magic lamp
  d - a +0 pick-axe (alternate weapon; not wielded)
  Z - an uncursed skeleton key
  e - a +0 unicorn horn
 Gems/Stones  ('*')
  Y - an uncursed flint stone
  u - an uncursed luckstone

Contents of the bag of holding:
  an uncursed +0 pair of gauntlets of power
  an uncursed slime mold
  an uncursed cram ration
  2 uncursed sprigs of wolfsbane
  2 uncursed tripe rations
  2 uncursed lizard corpses

Atrocia the Rogue's attributes:

Background:
 You were a Pilferer, a level 11 female human Rogue.
 You were chaotic, on a mission for Kos
 who was opposed by Issek (lawful) and Mog (neutral).
 You were right-handed.
 You were in the Dungeons of Doom, on level 10.
 You entered the dungeon 24610 turns ago.
 It was nighttime.
 There was a full moon in effect when your adventure ended.
 You had 11614 experience points, 8386 more were needed to attain level 12.

Basics:
 You had 0 out of 81 hit points.
 You had all 51 energy points (spell power).
 Your armor class was -3.
 Your wallet contained 161 zorkmids.
 Autopickup was on for '$"?+!=/' plus thrown.

Final Characteristics:
 Your strength was 17 (limit:18/100).
 Your dexterity was 15 (limit:18).
 Your constitution was 15 (peak:16, limit:18).
 Your intelligence was 9 (limit:18).
 Your wisdom was 15 (limit:18).
 Your charisma was 8 (limit:18).

Final Status:
 You weren't hungry.
 You were unencumbered.
 You were wielding a dagger.
 You had expert skill with dagger.

Final Attributes:
 You were piously aligned.
 You were cold resistant.
 You were shock resistant.
 You were poison resistant.
 You were telepathic.
 You had automatic searching.
 You were stealthy.
 You were protected.
 Your spell casting was impaired by metallic armor.
 You were lucky.
 You had extra luck.
 Bad luck did not time out for you.
 Good luck did not time out for you.
 You are dead (2nd time!).

Miscellaneous:
 You encountered 2 bones levels.
 Total elapsed playing time was 9 hours, 1 minute and 16 seconds.

Major events:
 Turn
    1: Atrocia the chaotic female human Rogue entered the dungeon
  482: entered the Gnomish Mines
  548: attained the rank of Cutpurse (level 3)
 1335: reached Mine Town
 1684: attained the rank of Rogue (level 6)
 6766: was bestowed with Ogresmasher by Kos
 8503: was bestowed with Werebane by Kos
12144: found Orcrist on the floor
15308: attained the rank of Pilferer (level 10)
16828: acquired the Mines' End luckstone
21956: entered Sokoban
23545: completed 1st Sokoban level
24505: completed 2nd Sokoban level
24604: averted death (killed by a soldier ant)
24610: killed by a soldier ant

Spells:
 Name                 Level Category     Fail Retention
 confuse monster        1   enchantment  100%    (gone)
 sleep                  3   enchantment  100%    (gone)
 detect monsters        1   divination   100%    (gone)
 detect treasure        4   divination   100%    1%-10%
 cure sickness          3   healing      100%   26%-50%
 detect food            2   divination   100%   41%-50%
 create monster         2   clerical     100%   26%-50%
 jumping                1   escape       100%   51%-75%
 identify               3   divination   100%   61%-70%
 wizard lock            2   matter       100%   51%-75%

Skills:
 Fighting Skills
   bare handed combat [Unskilled]
   two weapon combat  [Unskilled]
   riding             [Unskilled]
 Weapon Skills
   dagger             [Expert]
   knife              [Unskilled]
   short sword        [Basic]
   broadsword         [Unskilled]
   long sword         [Unskilled]
   two-handed sword   [Unskilled]
   saber              [Unskilled]
   club               [Unskilled]
   mace               [Unskilled]
   morning star       [Unskilled]
   flail              [Unskilled]
   hammer             [Unskilled]
   polearms           [Unskilled]
   spear              [Unskilled]
   crossbow           [Unskilled]
   dart               [Unskilled]
   shuriken           [Unskilled]
 Spellcasting Skills
   divination spells  [Basic]
   escape spells      [Unskilled]
   matter spells      [Unskilled]

Voluntary challenges:
 Character rerolling was not enabled.
 You never genocided any monsters.
 You never polymorphed an object.
 You never changed form.
 You used no wishes.
 You violated the special Sokoban rules once.
Achievements:
 You entered the Gnomish Mines.
 You attained the rank of Cutpurse.
 You entered Minetown.
 You entered a shop.
 You entered a temple.
 You attained the rank of Rogue.
 You attained the rank of Pilferer.
 You completed the Gnomish Mines.
 You entered Sokoban.

 The Dungeons of Doom: levels 1 to 10
    Level 1:
       A fountain.
    Level 2:
       An altar to Kos, a fountain.
       Stairs down to The Gnomish Mines.
    Level 3:
       A general store.
    Level 4:
    Level 5:
       A general store.
    Level 6:
       A scroll shop, a fountain.
    Level 7:
       A food shop, some fountains.
       Final resting place for
          Sallap-Wiz-Hum-Mal-Cha, killed by a water demon.
    Level 8:
       A throne.
    Level 9:
       Many fountains.
    Level 10: <- You were here.
       A fountain.
       Stairs up to Sokoban, level 9.
       Final resting place for
          you, killed by a soldier ant.
 The Gnomish Mines: levels 3 to 11
    Level 3:
    Level 4:
    Level 5:
       Many shops, a temple and an altar to Kos, some fountains.
    Level 6:
    Level 7:
    Level 8:
    Level 9:
       Final resting place for
          Anarchos-Val-Dwa-Fem-Law, killed by a gargoyle.
    Level 10:
    Level 11:
       Some fountains.
 Sokoban: levels 9 up to 8
    Level 8:
       Solved.
    Level 9:
       Solved.


Vanquished creatures:
  a vampire leader
  a vampire
  2 ghosts
  2 elven monarchs
  2 large mimics
  2 air elementals
  2 giant zombies
  a sergeant
  2 water demons
  a winter wolf
  2 small mimics
  a warhorse
  2 ettin mummies
  a troll
  a sasquatch
  a wood golem
  a gelatinous cube
  a freezing sphere
  a large cat
  a tiger
  3 gargoyles
  a dwarf ruler
  4 tengu
  2 ochre jellies
  a mountain centaur
  2 stone giants
  a cobra
  2 amorous demons
  a chameleon
  3 giant beetles
  3 cockatrices
  4 wolves
  4 winter wolf cubs
  a lynx
 10 leprechauns
  4 iron piercers
  5 giant spiders
  2 scorpions
  2 horses
  a black light
  2 gnome rulers
  6 orc mummies
  2 dwarf mummies
  3 owlbears
  a yeti
  a gold golem
  2 werewolves
  4 lizards
  4 chickatrices
  3 dogs
  a housecat
  3 dwarf leaders
  2 blue jellies
  a white unicorn
  a gray unicorn
  3 dust vortices
  2 ravens
  a plains centaur
  6 gnome mummies
  5 snakes
  4 apes
  3 human zombies
  2 Woodland-elves
  a soldier ant
  a fire ant
  9 bugbears
 an imp
  2 wood nymphs
  2 water nymphs
  5 mountain nymphs
 10 Mordor orcs
  3 Uruk-hai
  5 orc shamans
  6 rock piercers
  5 rock moles
  5 ponies
  3 fog clouds
  3 yellow lights
  3 violet fungi
 21 gnome leaders
  5 gnomish wizards
  2 kobold mummies
  a gray ooze
  3 elf zombies
  a ghoul
  a paper golem
  8 giant ants
  a little dog
 10 floating eyes
  2 kittens
 21 dwarves
  a homunculus
  3 kobold leaders
  2 kobold shamans
 14 hill orcs
 14 rothes
  a rabid rat
  a centipede
  4 giant bats
  2 monkeys
  6 orc zombies
  4 dwarf zombies
  a wererat
  7 iguanas
  3 killer bees
  3 acid blobs
  a coyote
  3 gas spores
  7 hobbits
  4 large kobolds
 17 hobgoblins
  4 giant rats
  5 cave spiders
  3 brown molds
  a green mold
  a red mold
 55 gnomes
  8 garter snakes
  2 gnome zombies
 11 geckos
 13 jackals
  4 foxes
  2 kobolds
 10 goblins
  3 sewer rats
  7 grid bugs
 11 lichens
  a kobold zombie
  6 newts
531 creatures vanquished.

No species were genocided or became extinct.

Game over:
                       ----------
                      /          \
                     /    REST    \
                    /      IN      \
                   /     PEACE      \
                  /                  \
                  |     Atrocia      |
                  |      161 Au      |
                  |   killed by a    |
                  |   soldier ant    |
                  |                  |
                  |                  |
                  |       2026       |
                 *|     *  *  *      | *
        _________)/\\_//(\/(/\)/\//\/|_)_______

Goodbye Atrocia the Rogue...

You died in The Dungeons of Doom on dungeon level 10 with 47151 points,
and 161 pieces of gold, after 24610 moves.
You were level 11 with a maximum of 81 hit points when you died.

